 Dungeon Crawl Stone Soup version 0.19-b1-5-gdc9fa9d (webtiles) character file.

8782 Gorglomux the Brawler (level 11, 0/92 HPs)
             Began as a Ghoul Monk on Oct 31, 2016.
             Was a Follower of Uskayaw.
             Slain by an ice beast (5 damage)
             ... in an ice cave.
             The game lasted 00:28:35 (8757 turns).

Gorglomux the Brawler (Ghoul Monk)                  Turns: 8757, Time: 00:28:35

Health: 0/92       AC:  8    Str: 28    XL:     11   Next: 36%
Magic:  2/10       EV: 17    Int:  5    God:    Uskayaw [*.....]
Gold:   483        SH:  0    Dex: 11    Spells: 0 memorised, 10 levels left

rFire  . . .     SeeInvis .       - Unarmed
rCold  + + .     Gourm    .     Q - +0 leather armour {rC+}
rNeg   + + +     Faith    .     (no shield)
rPois  ∞         Spirit   .     m - +2 helmet
rElec  .         Reflect  .     y - +1 cloak
rCorr  .         Harm     .     (no gloves)
MR     .....                    (no boots)
Stlth  ++........               (no amulet)
                                G - +5 ring of evasion
                                O - +4 ring of strength

@: mighty, very slightly contaminated, rotting, hasted, very quick
A: rotting body, claws 1, carnivore 3, cold resistance 1, negative energy
resistance 3, slow regeneration 1, torment resistance, unbreathing
a: Stomp, Renounce Religion


You were in an ice cave.
You worshipped Uskayaw.
Uskayaw was noncommittal.
You were not hungry.

You visited 3 branches of the dungeon, and saw 13 of its levels.
You also visited: Sewer, Ossuary and Ice Cave.

You collected 483 gold pieces.

Inventory:

Missiles
 q - 26 poisoned needles
Armour
 m - a +2 helmet (worn)
 y - a +1 cloak (worn)
 Q - a +0 leather armour of cold resistance (worn)
 T - +0 mottled dragon scales
Jewellery
 g - a +6 ring of protection
 G - a +5 ring of evasion (right claw)
 I - an uncursed ring of protection from fire
 O - a +4 ring of strength (left claw)
Wands
 B - a wand of slowing (26/48)
 D - a wand of teleportation (2/9)
 E - a wand of enslavement (12/24)
 K - a wand of flame (29/48)
 L - a wand of paralysis (7/24)
 N - a wand of lightning (6/15)
 S - a wand of flame (34/48)
Scrolls
 c - 3 scrolls of magic mapping {unknown}
 e - 3 scrolls of fear
 f - 14 scrolls of identify
 h - 5 scrolls of teleportation
 k - 2 scrolls of enchant armour {unknown}
 o - a scroll of fog {unknown}
 r - 4 scrolls of immolation {unknown}
 s - a scroll of blinking {unknown}
 v - 3 scrolls of remove curse
 x - 2 scrolls of amnesia {unknown}
 A - 3 scrolls of enchant weapon {unknown}
 C - 2 scrolls of noise {unknown}
 M - a scroll of acquirement {unknown}
Potions
 d - a potion of brilliance
 i - 4 potions of heal wounds {unknown}
 j - 5 potions of degeneration
 n - 2 potions of haste
 p - a potion of might
 t - a potion of agility {unknown}
 u - a potion of magic {unknown}
 z - 2 potions of lignification
 F - 2 potions of resistance {unknown}
Comestibles
 b - 9 meat rations
 H - a slice of pizza
 J - 11 royal jellies
 P - 14 chunks of flesh
 R - 3 beef jerkies


   Skills:
 - Level 7.0 Fighting
 - Level 2.6 Dodging
 - Level 2.1 Stealth
 + Level 16.9 Unarmed Combat


You had 10 spell levels left.
You didn't know any spells.

Dungeon Overview and Level Annotations

Branches:
Dungeon (11/15)            Temple (1/1) D:6            Lair (1/6) D:8
    Orc (0/2) D:9

Altars:
Ashenzari
Cheibriados
Dithmenos
Elyvilon
Fedhas
Gozag
Hepliaklqana
Kikubaaqudgha
Makhleb
Nemelex Xobeh
Okawaru
Qazlal
Ru
Sif Muna
Trog
Uskayaw
Vehumet
Xom
Yredelemnul
Zin
The Shining One

Shops:
D:8 =


Innate Abilities, Weirdness & Mutations

Your body is rotting away.
You thrive on raw meat.
You are immune to poison.
You have sharp fingernails.
You are carnivorous and can eat meat at any time.
Your flesh is cold resistant. (rC+)
You are immune to negative energy. (rN+++)
You regenerate slowly when monsters are visible.
You are immune to unholy pain and torment.
You can survive without breathing.


Message History

* * * LOW HITPOINT WARNING * * *
The ice beast closely misses you.
It was a potion of might.
You feel very mighty all of a sudden.
The ice beast hits you but does no damage.
The ice beast closely misses you.
The ice beast hits you but does no damage.
You feel better. The ice beast barely misses you.
The ice beast closely misses you. The ice beast hits you.
* * * LOW HITPOINT WARNING * * *
The ice beast freezes you. You resist.
* * * LOW HITPOINT WARNING * * *
You are too injured to fight recklessly!
You mangle the ice beast!!
You kill the ice beast!
The ice beast closely misses you.
You claw the ice beast!
You kill the ice beast!
The ice beast hits you.
You die...

#####
###@Y.####
##.Y.Y....##
#..........##
#...........##
#.$..8.......#
#8.(.........#
#©(.)†...∩.∩.#
#8.%.........#
#.[..8.......#


You could see 3 ice beasts.

Vanquished Creatures
  2 ugly things
  A manticore (D:11)
  Joseph (D:8)
  Psyche (D:9)
  A gargoyle (D:10)
  Prince Ribbit (D:9)
  A hornet (D:9)
  3 two-headed ogres
  A hippogriff (D:9)
  A yak (D:11)
  A mottled dragon (D:11)
  Menkaure (D:5)
  A soldier ant (D:9)
  Duvessa (D:6)
  A water moccasin (D:10)
  2 sky beasts
  7 ice beasts
  An orc warrior (D:9)
  A black bear (D:10)
  An ogre (D:9)
  A phantom (D:10)
  3 necrophages
  2 wolves (D:11)
  A centaur (D:7)
  An elf zombie (Ossuary)
  3 big kobolds
  4 bullfrogs
  A gnoll sergeant (D:6)
  A wyvern zombie (D:10)
  A water moccasin zombie (D:10)
  Dowan (D:6)
  2 wyvern skeletons
  5 killer bees (D:11)
  A howler monkey (D:4)
  An electric eel (D:10)
  6 crimson imps
  3 bullfrog zombies
  3 hounds
  A human zombie (Ossuary)
  2 centaur zombies
  An orc priest (D:9)
  A jelly (D:9)
  Crazy Yiuf (D:3)
  6 iguanas
  8 orc wizards
  A centaur skeleton (D:4)
  Natasha (twice) (D:2)
  5 worker ants
  5 big kobold zombies (Ossuary)
  A centaur simulacrum (D:10)
  3 mummies
  A howler monkey zombie (D:9)
  5 gnolls (D:6)
  15 adders
  3 shadow imps
  12 white imps (D:11)
  An ufetubus (D:11)
  3 oozes
  An adder zombie (Ossuary)
  6 worms
  5 dart slugs
  2 leopard geckos (D:7)
  28 orcs
  10 bats
  6 giant cockroaches
  3 goblins
  10 hobgoblins
  9 jackals
  17 kobolds
  2 quokkas
  4 ball pythons (Sewer)
  A ball python skeleton (D:4)
  5 frilled lizards
  4 goblin zombies
  12 hobgoblin zombies (Ossuary)
  A jackal zombie (Ossuary)
  10 kobold zombies (Ossuary)
  3 orc zombies (Ossuary)
  A quokka skeleton (D:5)
  A quokka zombie (D:5)
  14 rats
  A rat zombie (Ossuary)
303 creatures vanquished.

Vanquished Creatures (others)
  An orc (D:11)
1 creature vanquished.

Grand Total: 304 creatures vanquished

Notes
Turn   | Place    | Note
-------+----------+-------------------------------------------
     0 | D:1      | Gorglomux the Ghoul Monk began the quest for the Orb.
     0 | D:1      | Reached XP level 1. HP: 19/19 MP: 0/0
    93 | D:1      | Reached XP level 2. HP: 25/26 MP: 1/1
    99 | D:1      | Reached skill level 4 in Unarmed Combat
   242 | D:1      | Reached XP level 3. HP: 30/31 MP: 2/2
   713 | D:2      | Reached skill level 5 in Unarmed Combat
   715 | D:2      | Found a blossoming altar of Fedhas.
   920 | D:2      | Reached XP level 4. HP: 38/38 MP: 3/3
  1110 | D:2      | Noticed Natasha
  1116 | D:2      | Killed Natasha
  1221 | D:2      | Noticed Natasha
  1238 | D:2      | Killed Natasha
  1238 | D:2      | Reached skill level 6 in Unarmed Combat
  1238 | D:2      | Reached XP level 5. HP: 18/44 MP: 4/4
  1544 | D:3      | Found a glowing drain.
  1608 | Sewer    | Entered a sewer
  1645 | Sewer    | Noticed a big kobold
  1656 | Sewer    | Killed a big kobold
  1656 | Sewer    | Reached skill level 5 in Fighting
  1656 | Sewer    | Reached XP level 6. HP: 53/56 MP: 5/5
  2152 | D:3      | Found a runed door.
  2360 | D:3      | Reached XP level 7. HP: 64/64 MP: 6/6
  2489 | D:3      | Found a deep blue altar of Sif Muna.
  2636 | D:3      | Noticed Crazy Yiuf
  2640 | D:3      | Killed Crazy Yiuf
  2838 | D:4      | Found a sand-covered staircase.
  2853 | Ossuary  | Entered an ossuary
  3039 | Ossuary  | Reached skill level 7 in Unarmed Combat
  3366 | D:4      | Reached skill level 8 in Unarmed Combat
  3366 | D:4      | Reached XP level 8. HP: 45/73 MP: 7/7
  3925 | D:5      | Entered Level 5 of the Dungeon
  3988 | D:5      | Noticed Menkaure
  3992 | D:5      | Killed Menkaure
  4194 | D:5      | Found an ancient bone altar of Kikubaaqudgha.
  4264 | D:5      | Reached skill level 9 in Unarmed Combat
  4641 | D:6      | Noticed Duvessa
  4649 | D:6      | Noticed Dowan
  4656 | D:6      | Killed Duvessa
  4656 | D:6      | Reached skill level 10 in Unarmed Combat
  4658 | D:6      | Killed Dowan
  5078 | D:6      | Reached XP level 9. HP: 63/63 MP: 8/8
  5110 | D:6      | Found a staircase to the Ecumenical Temple.
  5142 | D:6      | You fall through a shaft for 3 floors!
  5186 | D:9      | Reached skill level 11 in Unarmed Combat
  5209 | D:9      | Noticed a two-headed ogre
  5238 | D:9      | Killed a two-headed ogre
  5303 | D:8      | Found Hyeq's Jewellery Boutique.
  5343 | D:7      | Found a glowing golden altar of the Shining One.
  5343 | D:7      | Found a deep blue altar of Sif Muna.
  5343 | D:7      | Found a hazy altar of Hepliaklqana.
  5343 | D:7      | Found a shadowy altar of Dithmenos.
  5364 | D:7      | Reached skill level 12 in Unarmed Combat
  5478 | Temple   | Entered the Ecumenical Temple
  5724 | Temple   | Became a worshipper of Uskayaw the Reveler
  5724 | Temple   | Reached * piety under Uskayaw
  5802 | D:6      | Reached ** piety under Uskayaw
  5807 | D:6      | Reached *** piety under Uskayaw
  6229 | D:7      | Found a radiant altar of Vehumet.
  6351 | D:7      | Found a bloodstained altar of Trog.
  6891 | D:8      | Noticed Joseph
  6905 | D:8      | Killed Joseph
  6905 | D:8      | Reached skill level 13 in Unarmed Combat
  6982 | D:8      | Found a staircase to the Lair.
  7061 | D:8      | Reached XP level 10. HP: 76/86 MP: 9/9
  7100 | Lair:1   | Entered Level 1 of the Lair of Beasts
  7383 | D:9      | Noticed Psyche
  7391 | D:9      | Reached **** piety under Uskayaw
  7393 | D:9      | Killed Psyche
  7393 | D:9      | Reached skill level 14 in Unarmed Combat
  7440 | D:9      | Noticed Prince Ribbit
  7450 | D:9      | Killed Prince Ribbit
  7545 | D:9      | Found a staircase to the Orcish Mines.
  7833 | D:10     | Entered Level 10 of the Dungeon
  7872 | D:10     | Reached skill level 15 in Unarmed Combat
  8262 | D:10     | Noticed a gargoyle
  8269 | D:10     | Killed a gargoyle
  8306 | D:10     | Noticed a brown ugly thing
  8312 | D:10     | Killed a brown ugly thing
  8312 | D:10     | Reached skill level 16 in Unarmed Combat
  8312 | D:10     | Reached XP level 11. HP: 83/92 MP: 10/10
  8398 | D:11     | Noticed a manticore
  8415 | D:11     | Killed a manticore
  8651 | D:11     | Found a frozen archway.
  8726 | IceCv    | Entered an ice cave
  8726 | IceCv    | Noticed a white ugly thing
  8733 | IceCv    | Killed a white ugly thing
  8748 | IceCv    | HP: 4/92 [ice beast (4)]
  8753 | IceCv    | HP: 3/92 [ice beast (2)]
  8757 | IceCv    | Slain by an ice beast

Skill      XL: |  1  2  3  4  5  6  7  8  9 10 |
---------------+-------------------------------+-----
Unarmed Combat | 4 5 6 8 10 13 16 | 16.9
Fighting       | 5 6 7 |  7.0
Dodging        | |  2.6
Stealth        | |  2.1

Action                   |  1- 3 |  4- 6 |  7- 9 | 10-12 || total
-------------------------+-------+-------+-------+-------++-------
Melee: Unarmed           |   102 |   243 |   459 |   215 ||  1019
       Punch             |       |     9 |    17 |    17 ||    43
Invok: Line Pass         |       |       |     3 |     3 ||     6
       Stomp             |       |       |     2 |     9 ||    11
  Use: Scroll            |       |     5 |       |       ||     5
       Potion            |       |       |     2 |     7 ||     9
 Stab: Sleeping          |     4 |     4 |     7 |     7 ||    22
       Distracted        |       |       |     1 |       ||     1
       Paralysed         |       |       |       |     7 ||     7
  Eat: Chunk             |     5 |     4 |    30 |    15 ||    54
       Beef jerky        |       |       |     1 |       ||     1
Armor: Robe              |    34 |    89 |   204 |       ||   327
       Leather armour    |       |       |     3 |    43 ||    46
       Mottled dragon sc |       |       |       |    16 ||    16
Dodge: Dodged            |    73 |   147 |   311 |   193 ||   724
